 Dungeon Crawl Stone Soup version 0.30.1-11-g7821555f0a (webtiles) character file.

Game seed: 4886799113972405348

7 comborobin the Sneak (level 2, 0/24 HPs)
             Began as a Merfolk Delver on Dec 24, 2023.
             Killed from afar by an orc wizard (7 damage)
             ... with a magic dart
             ... on level 3 of the Dungeon.
             The game lasted 00:00:52 (176 turns).

comborobin the Sneak (Merfolk Delver)                Turns: 176, Time: 00:00:52

Health: 0/24       AC:  3    Str: 12    XL:     2   Next: 0%
Magic:  2/2        EV: 12    Int:  9    God:
Gold:   5          SH:  0    Dex: 15    Spells: 1/1 levels left

rFire   . . .        a - +0 falchion
rCold   . . .        (no shield)
rNeg    . . .        b - +0 leather armour
rPois   .            (no helmet)
rElec   .            (no cloak)
rCorr   .            (no gloves)
SInv    .            (no boots)
Will    .....        (no amulet)
Stlth   +++          h - ring of wizardry
HPRegen 0.24/turn    (no ring)
MPRegen 0.08/turn

%: wizardry (x1)
@: hasted, very quick
A: (nimble swimmer 2), mertail
a: no special abilities


You were on level 3 of the Dungeon.
You visited 1 branch of the dungeon, and saw 3 of its levels.

You collected 5 gold pieces.

Inventory:

Hand Weapons
 a - a +0 falchion (weapon)
Missiles
 i - 3 javelins (quivered)
Armour
 b - a +0 leather armour (worn)
 m - a +0 ring mail
Jewellery
 h - a ring of wizardry (left hand)
Wands
 g - a wand of digging (3)
Scrolls
 c - 2 scrolls of fog
 e - a scroll of fear
 k - a scroll of immolation {unknown}
Potions
 j - a potion of magic {unknown}
 l - a potion of cancellation {unknown}


   Skills:
 - Level 3.3 Fighting
 + Level 3.0 Long Blades
 - Level 2.8 Dodging
 - Level 5.5 Stealth


You had one spell level left.
You didn't know any spells.
Your spell library was empty.

Dungeon Overview and Level Annotations

Branches:
Dungeon (5/15)
 Temple: D:4-7

Altars:
Uskayaw

Annotations:
D:4 Blork the orc, Eustachio


Innate Abilities, Weirdness & Mutations

((You are very nimble when in or above water. (Stealth+, EV+, Speed+++)))
Your lower body shifts to a powerful aquatic tail in water.


Message History

Your Long Blades skill increases to level 3!
You have reached level 2!
Found a stone staircase leading up.
You see here a dart slug corpse.
You now have 5 gold pieces.
There are no items here.
There is a stone staircase leading up here.
You climb upwards.
Level annotation: Eustachio
Found a scroll of fog.
Found a stone staircase leading down.
There is a stone staircase leading down here.
Found a ring mail.
You see here a +0 ring mail.
m - a +0 ring mail
c - 2 scrolls of fog (gained 1)
There are no items here.
A phantom comes into view.
As you read the scroll of magic mapping, it crumbles to dust.
You feel aware of your surroundings.
You sensed 1 shop/portal.
Found a potion of haste.
You feel yourself speed up.
Found an escape hatch in the ceiling.
The phantom closely misses you.
Found a white potion.
A hound comes into view.
Found a stone.
There is an escape hatch in the ceiling here.
A mysterious force pulls you upwards. The hatch slams shut behind you.
The orc priest shouts!
The frilled lizard hisses angrily.
The orc shouts!
The orc priest shouts!
Found a stone staircase leading up.
The orc priest calls down the wrath of Beogh upon you.
Pain shoots through your body!
Ouch! That really hurt!
The orc wizard gestures at you while chanting.
The puff of flame hits you.
* * * LOW HITPOINT WARNING * * *
Found 17 gold pieces.
The orc wizard casts a spell at you. The magic dart hits you!
You die...

#.$ .. ... ..
..... ##### ##.
.....##...## ..
.....#.....## <#
....#.......##.#
............#@.#
........l.....##
.............##
.........o.###
..........o.#
....#.....#.##
.......#.....#
###.#.....#......#
.....#....o.###..


You could see an orc priest, an orc wizard and a frilled lizard.

Vanquished Creatures
  A dart slug (D:5)
  3 jackals (D:5)
4 creatures vanquished.

Notes
Turn   | Place    | Note
-------+----------+-------------------------------------------
     0 | D:5      | comborobin the Merfolk Delver began the quest for the Orb.
     0 | D:5      | Reached XP level 1. HP: 18/18 MP: 1/1
    27 | D:4      | Noticed Eustachio
   116 | D:5      | Reached XP level 2. HP: 24/24 MP: 2/2
   126 | D:4      | Noticed Blork the orc
   144 | D:4      | Noticed a phantom
   176 | D:3      | Killed from afar by an orc wizard

Illustrated notes

Levels and vault maps discovered:
D:3:      layout_rooms, mainiacjoe_overflow_chevrons, basic_ecumenical_altar,
          minmay_misc_feat_five
D:4:      layout_loops_cross, serial_shops, kennysheep_little_box, minmay_bent,
          uniq_eustachio, uniq_blork_the_orc
D:5:      layout_cave_pools, overflow_temple_1_default

Skill      XL: |  1 |
---------------+----+-----
Long Blades    | 3 |  3.0
Fighting       | |  3.3
Dodging        | |  2.8
Stealth        | |  5.5

Action                     || total
---------------------------++-------
  Melee: Falchion          ||    15
    Use: Scroll            ||     1
         Potion            ||     1
 Armour: Leather armour    ||    11
  Dodge: Dodged            ||    24
